 Dungeon Crawl Stone Soup version 0.30.0-15-g856e2d3f33 (webtiles) character file.

Game seed: 15378303244018955299

387 BillyBaka the Insei (level 6, -2/44 HPs)
             Began as a Gnoll Wanderer on May 19, 2023.
             Constricted to death by Sigmund (5 damage)
             ... on level 4 of the Dungeon.
             The game lasted 00:13:04 (2828 turns).

BillyBaka the Insei (Gnoll Wanderer)                Turns: 2828, Time: 00:13:04

Health: -2/44      AC:  6    Str: 11    XL:     6   Next: 78%
Magic:  9/9        EV: 11    Int: 11    God:
Gold:   152        SH:  0    Dex: 14    Spells: 9/9 levels left

rFire   . . .        e - +0 falchion
rCold   . . .        (no shield)
rNeg    . . .        d - +2 leather armour
rPois   .            (no helmet)
rElec   .            (no cloak)
rCorr   .            f - +0 pair of gloves
SInv    +            (no boots)
Will    .....        j - amulet "Xigoen" {Regen+ SInv}
Stlth   +++          (no ring)
HPRegen 1.07/turn    (no ring)
MPRegen 0.11/turn

%: no passive effects
@: grasped by roots, constricted
A: fangs 1, strong nose, distributed training
a: no special abilities


You were on level 4 of the Dungeon.
You visited 1 branch of the dungeon, and saw 4 of its levels.

You collected 152 gold pieces.

Inventory:

Hand Weapons
 e - a +0 falchion (weapon)
Armour
 d - a +2 leather armour (worn)
 f - a +0 pair of gloves (worn)
Magical Staves
 s - a staff of air
Jewellery
 j - the amulet "Xigoen" (around neck) {Regen+ SInv}
   (You acquired it on level 3 of the Dungeon)

   [amulet of regeneration]

   SInv:      It lets you see invisible.
   Regen:     It increases your rate of health regeneration.
Wands
 l - a wand of flame (16) (quivered)
Scrolls
 c - 3 scrolls of blinking
 h - 3 scrolls of teleportation
 k - a scroll of butterflies
 m - 2 scrolls of poison
 n - 3 scrolls of enchant weapon
 o - a scroll of enchant armour
 q - a scroll of fog {unknown}
 r - a scroll of noise {unknown}
 t - a scroll of torment {unknown}
Potions
 a - a potion of lignification {unknown}
 b - 4 potions of curing
 g - a potion of flight {unknown}
 i - a potion of magic {unknown}
 p - a potion of brilliance {unknown}
 v - a potion of resistance {unknown}


   Skills:
 + Level 2.2 Fighting
 + Level 2.2 Short Blades
 + Level 2.2 Long Blades
 + Level 2.2 Axes
 + Level 2.2 Maces & Flails
 + Level 2.2 Polearms
 + Level 2.2 Staves
 + Level 2.2 Ranged Weapons
 + Level 3.4 Throwing
 + Level 2.2 Armour
 + Level 6.9 Dodging
 + Level 4.7 Stealth
 + Level 2.2 Shields
 + Level 6.9 Unarmed Combat
 + Level 2.2 Spellcasting
 + Level 1.7 Conjurations
 + Level 1.7 Hexes
 + Level 1.7 Summonings
 + Level 1.7 Necromancy
 + Level 1.7 Translocations
 + Level 1.7 Transmutations
 + Level 1.7 Fire Magic
 + Level 1.7 Ice Magic
 + Level 1.7 Air Magic
 + Level 1.7 Earth Magic
 + Level 1.7 Poison Magic
 + Level 2.4 Invocations
 + Level 3.4 Evocations


You had 9 spell levels left.
You didn't know any spells.
Your spell library contained the following spells:

 Spells                   Type           Power      Damage    Failure   Level
 Apportation              Tloc           10%        N/A       19%         1
 Necrotise                Necr           20%        1d5       19%         1
 Summon Small Mammal      Summ           20%        N/A       19%         1
 Cigotuvi's Dreadful Rot  Necr/Pois/Air  10%        N/A       28%         2
 Dispel Undead            Necr           5%         3d7       88%         4


Dungeon Overview and Level Annotations

Branches:
Dungeon (4/15)
 Temple: D:4-7

Altars:
Wu Jian

Annotations:
D:4 Sigmund


Innate Abilities, Weirdness & Mutations

You have very sharp teeth.
Your uncanny sense of smell can sniff out nearby items.
Your experience applies equally to all skills.


Message History

The hobgoblin hits you.
Sigmund zaps a wand.
The roots erupt in riotous growth!
The hobgoblin is unaffected.
The grasping roots grab you!
Sigmund is unaffected.
The grasping roots constrict you.
You hit the hobgoblin.
You kill the hobgoblin!
Sigmund points at you and mumbles some strange words.
You resist with some effort. The grasping roots constrict you!
You escape the roots grasp.
Sigmund points at you and mumbles some strange words.
The puff of flame misses you.
You hit Sigmund.
Sigmund is severely wounded.
Sigmund gestures at you while chanting. The magic dart hits you.
You slash Sigmund!
Sigmund is almost dead.
Sigmund hits you with a +0 scythe of distortion!
Space warps horribly around you!
* * * LOW HITPOINT WARNING * * *
You barely miss Sigmund.
Sigmund is almost dead.
Sigmund completely misses you.
You hit Sigmund but do no damage. You bite Sigmund, but do no damage.
Sigmund is almost dead.
Sigmund closely misses you.
You closely miss Sigmund.
Sigmund is almost dead.
Sigmund zaps a wand.
The roots erupt in riotous growth!
The grasping roots grab you!
Sigmund is unaffected.
The grasping roots constrict you.
* * * LOW HITPOINT WARNING * * *
Okay, then.
Okay, then.
You barely miss Sigmund.
Sigmund is almost dead.
Sigmund hits you but does no damage. Space warps around you.
* * * LOW HITPOINT WARNING * * *
The grasping roots constrict you.
You die...

..............###.#
#.# #
..............##..#
#.#
.............†.#.##
#.
.............#...#
#. ∆ .##.....##...#
##)##.##.#..#
#.##....##.#
#.###.### ..# #.#
#.@# #... ..#
#.@..# ###.
.###......##..
#.##........#.#
.#.#...........#
(..#...........#
#.....$.......#
#............## # #
#######
.#..........##.# .


You could see Sigmund.

Vanquished Creatures
  Menkaure (D:4)
  Blork the orc (D:4)
  A scorpion (D:4)
  A howler monkey (D:3)
  3 adders
  2 worms
  4 dart slugs
  An orc (D:3)
  6 bats
  4 endoplasms
  A giant cockroach (D:2)
  5 hobgoblins
  10 kobolds
  3 quokkas
  8 ball pythons
  2 frilled lizards
  7 goblins
  8 rats
68 creatures vanquished.

Notes
Turn   | Place    | Note
-------+----------+-------------------------------------------
     0 | D:1      | BillyBaka the Gnoll Wanderer began the quest for the Orb.
     0 | D:1      | BillyBaka set off with the following items: a +0 dagger, 2
                  | potions of curing, a scroll of blinking, a +2 leather
                  | armour.
     0 | D:1      | Reached XP level 1. HP: 13/13 MP: 1/1
    88 | D:1      | Reached XP level 2. HP: 14/19 MP: 2/2
   127 | D:1      | Found a faded altar of an unknown god.
   476 | D:1      | Reached XP level 3. HP: 25/25 MP: 3/3
   483 | D:1      | Got the Volume of Rot
   874 | D:2      | Found an ornate altar of the Wu Jian Council.
   884 | D:2      | Reached skill level 1 in Invocations
   944 | D:2      | Reached skill level 1 in Fighting
   944 | D:2      | Reached skill level 1 in Short Blades
   944 | D:2      | Reached skill level 1 in Long Blades
   944 | D:2      | Reached skill level 1 in Axes
   944 | D:2      | Reached skill level 1 in Maces & Flails
   944 | D:2      | Reached skill level 1 in Polearms
   944 | D:2      | Reached skill level 1 in Staves
   944 | D:2      | Reached skill level 1 in Ranged Weapons
   944 | D:2      | Reached skill level 1 in Armour
   944 | D:2      | Reached skill level 1 in Shields
   944 | D:2      | Reached skill level 1 in Spellcasting
  1308 | D:2      | Reached XP level 4. HP: 32/32 MP: 5/5
  1621 | D:3      | Identified a scroll of acquirement
  1624 | D:3      | Acquired the amulet "Xigoen" {Regen+ SInv}
  1817 | D:3      | Reached skill level 1 in Conjurations
  1817 | D:3      | Reached skill level 1 in Hexes
  1817 | D:3      | Reached skill level 1 in Summonings
  1817 | D:3      | Reached skill level 1 in Necromancy
  1817 | D:3      | Reached skill level 1 in Translocations
  1817 | D:3      | Reached skill level 1 in Transmutations
  1817 | D:3      | Reached skill level 1 in Fire Magic
  1817 | D:3      | Reached skill level 1 in Ice Magic
  1817 | D:3      | Reached skill level 1 in Air Magic
  1817 | D:3      | Reached skill level 1 in Earth Magic
  1817 | D:3      | Reached skill level 1 in Poison Magic
  2036 | D:3      | Reached XP level 5. HP: 37/37 MP: 5/7
  2411 | D:4      | Noticed Sigmund
  2697 | D:4      | Noticed Blork the orc
  2707 | D:4      | Killed Blork the orc
  2708 | D:4      | Reached XP level 6. HP: 12/44 MP: 8/8
  2783 | D:4      | Noticed Menkaure
  2789 | D:4      | Killed Menkaure
  2828 | D:4      | Constricted to death by Sigmund

Illustrated notes

Levels and vault maps discovered:
D:1:      scummos_arrival_gate, layout_loops_ring,
          shapermc_ecumenical_altar_starsandcircs
D:2:      layout_basic, basic_altar, serial_bayou, serial_bayou_ford_a,
          serial_bayou_pond_b, serial_bayou_shore_b, serial_bayou_shore_b,
          serial_bayou_pond_a, serial_bayou_lagoon_a
D:3:      layout_loops_ring
D:4:      layout_rooms, minivault_24, chequers_mini_garden, uniq_menkaure,
          uniq_blork_the_orc, uniq_sigmund

Skill      XL: |  1  2  3  4  5  6 |
---------------+-------------------+-----
Invocations    | 1 2 |  2.4
Fighting       | 1 2 |  2.2
Short Blades   | 1 2 |  2.2
Long Blades    | 1 2 |  2.2
Axes           | 1 2 |  2.2
Maces & Flails | 1 2 |  2.2
Polearms       | 1 2 |  2.2
Staves         | 1 2 |  2.2
Ranged Weapons | 1 2 |  2.2
Armour         | 1 2 |  2.2
Shields        | 1 2 |  2.2
Spellcasting   | 1 2 |  2.2
Conjurations   | 1 |  1.7
Hexes          | 1 |  1.7
Summonings     | 1 |  1.7
Necromancy     | 1 |  1.7
Translocations | 1 |  1.7
Transmutations | 1 |  1.7
Fire Magic     | 1 |  1.7
Ice Magic      | 1 |  1.7
Air Magic      | 1 |  1.7
Earth Magic    | 1 |  1.7
Poison Magic   | 1 |  1.7
Throwing       | 3 |  3.4
Evocations     | 3 |  3.4
Dodging        | |  6.9
Stealth        | |  4.7
Unarmed Combat | |  6.9

Action                     |  1- 3 |  4- 6 || total
---------------------------+-------+-------++-------
  Melee: Falchion          |   131 |   122 ||   253
         Bite              |     9 |    16 ||    25
         Punch             |     4 |     8 ||    12
  Evoke: Wand              |       |    10 ||    10
    Use: Scroll            |       |     7 ||     7
   Stab: Sleeping          |     6 |     7 ||    13
 Armour: Leather armour    |    38 |    26 ||    64
  Dodge: Dodged            |    89 |   104 ||   193
